 Dungeon Crawl Stone Soup version 0.31.0 (webtiles) character file.

Game seed: 10340591628572813504

163 qw the Shooter (level 5, -2/32 HPs)
             Began as a Gargoyle Hunter on Jan 19, 2024.
             Slain by a gnoll
             ... wielding a +2 spear of venom
             ... led by a gnoll sergeant
              (4 damage)
             ... on level 4 of the Dungeon.
             The game lasted 00:00:07 (1725 turns).

qw the Shooter (Gargoyle Hunter)                    Turns: 1725, Time: 00:00:08

Health: -2/32      AC:  8    Str: 14      XL:     5   Next: 44%
Magic:  5/5        EV: 12    Int:  9 (10) God:
Gold:   173        SH:  0    Dex: 20 (21) Spells: 4/4 levels left

rFire   . . .        a - +1 shortbow
rCold   + . .        (shield currently unavailable)
rNeg    + . .        c - +0 leather armour
rPois   inf          (no helmet)
rElec   +            (no cloak)
rCorr   .            (no gloves)
SInv    .            e - +0 pair of boots
Will    .....        (no amulet)
Stlth   ++           f - ring of protection from cold
HPRegen 0.25/turn    b - +6 ring of dexterity
MPRegen 0.09/turn

%: no passive effects
@: about to teleport
A: sickness immunity, AC +4, negative energy resistance 1, electricity
resistance, torment resistance 1, petrification resistance
a: no special abilities


You were on level 4 of the Dungeon.
You visited 1 branch of the dungeon, and saw 4 of its levels.

You collected 173 gold pieces.


Innate Abilities, Weirdness & Mutations

You are immune to sickness and miasma.
Your stone body is resilient. (AC +4)
You are immune to poison.
You resist negative energy. (rN+)
You are resistant to electric shocks. (rElec)
You are resistant to unholy torment.
You are immune to petrification.


   Skills:
 - Level 3.3 Fighting
 - Level 6.0 Ranged Weapons
 + Level 0.6 Armour
 - Level 1.5 Dodging
 - Level 1.1 Stealth


You had 4 spell levels left.
You didn't know any spells.
Your spell library was empty.

Inventory:

Hand Weapons
 a - a +1 shortbow (weapon)
Armour
 c - a +0 leather armour (worn)
 e - a +0 pair of boots (worn)
Jewellery
 b - a +6 ring of dexterity (right hand)
 f - a ring of protection from cold (left hand)
Potions
 d - a potion of enlightenment

Dungeon Overview and Level Annotations

Branches:
Dungeon (4/15)
 Temple: D:4-7

Altars:
Zin

Shops:
D:1 :


Message History

You shoot an arrow. The arrow hits the adder!
The adder is heavily wounded.
The adder bites you but does no damage. The adder barely misses you.
An ice beast comes into view.
You shoot an arrow. The arrow hits the adder!
You kill the adder!
You feel your strength returning.
You shoot an arrow.
The arrow hits the gnoll but does no damage.
You shoot an arrow. The arrow closely misses the gnoll.
The gnoll hits you from afar with a +2 spear of venom.
You shoot an arrow. The arrow barely misses the ice beast.
The gnoll hits you from afar with a +2 spear of venom.
You shoot an arrow. The arrow hits the ice beast!
The ice beast is moderately wounded.
The gnoll barely misses you. The ice beast hits you. The ice beast freezes you.
You resist. The gnoll misses you. The ice beast hits you.
The ice beast freezes you. You resist.
A gnoll sergeant comes into view. It is wielding a +0 spear.
You shoot an arrow. The arrow barely misses the ice beast.
The gnoll hits you from afar with a +2 spear of venom!
The ice beast hits you but does no damage.
1722 ||| READING scroll of teleportation.
As you read the scroll of teleportation, it crumbles to dust.
You feel strangely unstable.
The gnoll hits you from afar with a +2 spear of venom.
The ice beast closely misses you.
You shoot an arrow. The arrow hits the ice beast.
The ice beast is heavily wounded.
The gnoll barely misses you. The ice beast barely misses you.
You shoot an arrow.
The arrow hits the ice beast but does no damage.
The ice beast is heavily wounded.
The gnoll hits you from afar with a +2 spear of venom.
The ice beast hits you but does no damage.
You shoot an arrow.
The arrow hits the ice beast but does no damage.
The ice beast is heavily wounded.
The gnoll hits you from afar with a +2 spear of venom.
You die... .....# .....# .....# .....# ..[..# .....# .....# .....# .^... ....###+### .... ....##....###### gg#

....##....##...##%.##..#
....##..........@.......
................Y.......
....##....##............
....###'####............
..........##...##....###
..........##...# ....#
....#..........# ....#
#####.....##...# ....#
#.##### ..


You could see an ice beast, a gnoll sergeant and a gnoll.

Vanquished Creatures
  A hound (D:4)
  Jessica (D:2)
  An adder (D:4)
  3 gnolls (D:3)
  3 dart slugs
  An orc (D:3)
  4 bats
  2 endoplasms
  3 giant cockroaches
  A goblin (D:1)
  4 hobgoblins
  11 jackals
  3 kobolds
  6 quokkas
  5 ball pythons
  4 frilled lizards
  6 rats
59 creatures vanquished.

Notes
Turn   | Place    | Note
-------+----------+-------------------------------------------
     0 | D:1      | qw the Gargoyle Hunter began the quest for the Orb.
     0 | D:1      | Reached XP level 1. HP: 12/12 MP: 1/1
     0 | D:1      | 0 ||| qw: Version: 0.3-a-132-g3d54051
     0 | D:1      | 0 ||| qw: Game counter: 411
     0 | D:1      | 0 ||| qw: Melee chars always use a shield: true
     0 | D:1      | 0 ||| qw: God list: Okawaru
     0 | D:1      | 0 ||| qw: Allow faded altars: false
     0 | D:1      | 0 ||| qw: Do Orc after clearing Dungeon:15 true
     0 | D:1      | 0 ||| qw: Do second Lair branch before Depths: true
     0 | D:1      | 0 ||| qw: Lair rune preference: random
     0 | D:1      | 0 ||| qw: Goals: Normal
     0 | D:1      | 0 ||| PLANNING D:1-11
   125 | D:1      | Found Lynoen's Book Shoppe.
   148 | D:1      | Reached XP level 2. HP: 17/17 MP: 2/2
   402 | D:1      | Reached XP level 3. HP: 19/21 MP: 3/3
   450 | D:1      | Reached skill level 5 in Ranged Weapons
   755 | D:1      | 755 ||| UPGRADING to +0 pair of boots.
   760 | D:1      | 760 ||| UPGRADING to ring of protection from cold.
   761 | D:1      | 761 ||| READING scroll labelled SYICADO ROSUNU.
   762 | D:1      | 762 ||| READING 2 scrolls labelled VEAT AR EDA.
   762 | D:1      | 762 ||| IDENTIFYING lumpy sapphire potion
   763 | D:1      | 763 ||| READING scroll of identify.
   763 | D:1      | 763 ||| IDENTIFYING scroll labelled EQOHOSU DEPO
   764 | D:1      | 764 ||| READING scroll of enchant weapon.
   764 | D:1      | 764 ||| ENCHANTING +0 shortbow.
   765 | D:1      | 765 ||| DROPPING scroll of butterflies.
   766 | D:1      | 766 ||| DROPPING potion of lignification.
   876 | D:2      | Noticed Jessica
   883 | D:2      | Killed Jessica
   884 | D:2      | Reached skill level 3 in Fighting
   884 | D:2      | Reached XP level 4. HP: 28/28 MP: 4/4
  1188 | D:2      | 1188 ||| UPGRADING to +6 ring of dexterity.
  1189 | D:2      | 1189 ||| DROPPING ring of flight.
  1190 | D:2      | 1190 ||| DROPPING ring of wizardry.
  1191 | D:2      | 1191 ||| READING 2 scrolls of identify.
  1191 | D:2      | 1191 ||| IDENTIFYING emerald potion
  1192 | D:2      | 1192 ||| READING scroll of identify.
  1192 | D:2      | 1192 ||| IDENTIFYING scroll labelled ZUMISKEVIE
  1237 | D:3      | 1237 ||| RETREEEEATING.
  1260 | D:3      | 1260 ||| FLEEEEING.
  1268 | D:3      | 1268 ||| STAIRDANCE
  1512 | D:3      | Reached XP level 5. HP: 32/32 MP: 5/5
  1529 | D:3      | Found a glowing silver altar of Zin.
  1657 | D:3      | 1657 ||| DRINKING 2 metallic brown potions.
  1658 | D:3      | 1658 ||| DRINKING bubbling inky potion.
  1661 | D:3      | 1661 ||| DROPPING potion of ambrosia.
  1715 | D:4      | Reached skill level 6 in Ranged Weapons
  1715 | D:4      | Noticed an ice beast
  1721 | D:4      | HP: 8/32 [gnoll/+2 spear of venom[a gnoll sergeant] (7)]
  1722 | D:4      | 1722 ||| READING scroll of teleportation.
  1724 | D:4      | HP: 2/32 [gnoll/+2 spear of venom[a gnoll sergeant] (5)]
  1725 | D:4      | Slain by a gnoll

Levels and vault maps discovered:
D:1:      dpeg_arrival_court, layout_loops_ring, serial_shops,
          nicolae_book_shop_shelving
D:2:      layout_rooms, uniq_jessica
D:3:      layout_rooms, mainiacjoe_overflow_concentric_impassable
D:4:      layout_gridville, hangedman_decor_lopped

Skill      XL: |  1  2  3  4  5 |
---------------+----------------+-----
Ranged Weapons | 5 6 |  6.0
Fighting       | 3 |  3.3
Armour         | |  0.6
Dodging        | |  1.5
Stealth        | |  1.1

Action                     |  1- 3 |  4- 6 || total
---------------------------+-------+-------++-------
   Fire: Shortbow          |    80 |    80 ||   160
    Use: Scroll            |     4 |     3 ||     7
         Potion            |       |     2 ||     2
 Armour: Leather armour    |    39 |    30 ||    69
  Dodge: Dodged            |    33 |    25 ||    58

Table legend:
 A = Non-vault XP
 B = Vault XP
 C = Vault XP percentage of total XP
 D = Non-vault monster count
 E = Vault monster count
 F = Vault count percentage of total count
                 A         B        C        D         E       F
            +---------+---------+-------+---------+---------+-------
      Total |     197 |      37 |  15.8 |      58 |       1 |   1.7
            +---------+---------+-------+---------+---------+-------
        D:1 |      45 |       0 |   0.0 |      22 |       0 |   0.0
        D:2 |      14 |      37 |  72.5 |      10 |       1 |   9.1
        D:3 |      79 |       0 |   0.0 |      23 |       0 |   0.0
        D:4 |      59 |       0 |   0.0 |       3 |       0 |   0.0
            +---------+---------+-------+---------+---------+-------
